Map: Simulacrum LE

Players

Scarlett

  • Race: Zerg Zerg
  • Spawn Location: 5:00

tyty (TY) - Winner!

  • Race: Terran Terran
  • Spawn Location: 11:00

VOD

Have the link to the VOD?

Description

Time

  • Played on: Jan. 7, 2020, 7:42 p.m.
  • Length: 12:38
Show
View Real Time Build Order
Export as new Build Order

Scarlett Zerg 

Build Orders: Hatch First, Muta Ling Bane 

Get SALT Encoding   

  12  0:00  Drone  
  13  0:12  Overlord  
  13  0:17  Drone  
  14  0:30  Drone  
  14  0:31  Drone  
  16  0:47  Hatchery  
  15  0:51  Drone  
  15  0:54  Drone  
  17  0:58  Drone  
  18  1:08  Extractor  
  17  1:13  Spawning Pool  
  17  1:16  Drone  
  17  1:19  Drone  
  18  1:28  Drone  
  19  1:39  Drone  
  20  1:51  Drone  
  20  1:53  Extractor  
  20  2:00  Queen, Roach Warren  
  20  2:01  Queen  
  21  2:05  Drone  
  24  2:12  Drone  
  24  2:14  Overlord  
  25  2:22  Overlord  
  25  2:41  Roach x3  
  25  2:42  Roach  
  33  2:50  Overlord  
  33  2:53  Drone  
  33  2:57  Drone  
  35  3:01  Ravager x3  
  38  3:14  Ravager  
  39  3:25  Hatchery  
  39  3:26  Drone  
  36  3:37  Drone x3  
  39  3:52  Drone  
  39  3:55  Lair  
  40  3:58  Drone  
  41  4:03  Drone, Overlord  
  41  4:06  Drone  
  43  4:10  Drone  
  44  4:17  Drone  
  45  4:37  Queen  
  47  4:42  Roach  
  49  4:51  Drone x5  
  51  4:56  Spire  
  50  5:00  Overseer  
  50  5:02  Drone  
  50  5:03  Drone x3  
  50  5:04  Drone  
  55  5:10  Drone  
  55  5:12  Spore Crawler  
  55  5:13  Queen  
  57  5:15  Extractor  
  57  5:16  Extractor  
  57  5:19  Drone  
  56  5:23  Drone  
  56  5:25  Overlord  
  57  5:30  Drone  
  57  5:31  Drone x2  
  60  5:36  Evolution Chamber  
  60  5:37  Drone  
  60  5:39  Metabolic Boost, Overlord  
  60  5:48  Hatchery  
  59  5:50  Drone x2  
  59  5:53  Drone  
  59  5:56  Overlord  
  62  6:08  Mutalisk x3  
  62  6:10  Mutalisk  
  70  6:14  Mutalisk  
  70  6:16  Mutalisk  
  74  6:21  Mutalisk  
  74  6:25  Drone x2  
  78  6:31  Zerg Ground Armor Level 1  
  78  6:32  Drone x2  
  80  6:35  Drone  
  80  6:36  Drone x2  
  80  6:38  Overlord  
  83  6:44  Baneling Nest  
  83  6:46  Drone x2  
  84  6:57  Overlord  
  84  6:58  Drone x3  
  84  6:59  Drone x2  
  89  7:03  Drone  
  89  7:04  Drone x3  
  89  7:06  Overlord  
  93  7:11  Drone x2  
  93  7:15  Extractor  
  94  7:17  Extractor, Overlord  
  94  7:20  Evolution Chamber  
  94  7:21  Roach, Infestation Pit  
  93  7:23  Zergling x2  
  93  7:24  Roach  
  93  7:28  Roach  
  98  7:32  Zergling x10  
  98  7:36  Zergling x6  
  104  7:42  Queen  
  106  7:48  Zergling x6  
  109  7:52  Zerg Melee Weapons Level 1  
  109  7:53  Drone x2  
  109  7:54  Drone  
  109  7:55  Drone  
  109  7:56  Drone  
  114  7:59  Drone  
  114  8:02  Hatchery  
  114  8:04  Hive  
  114  8:06  Ravager x3  
  114  8:11  Roach x2  
  114  8:12  Overlord  
  121  8:16  Centrifical Hooks  
  115  8:27  Zergling x14  
  115  8:33  Zerg Ground Armor Level 2  
  121  8:36  Ravager x2  
  121  8:38  Baneling x6  
  123  8:48  Zergling x2  
  123  8:49  Zergling x10  
  123  8:55  Zergling x2  
  130  8:56  Overlord x2  
  106  9:10  Zergling x4, Roach  
  106  9:11  Zergling x14, Roach  
  106  9:13  Queen  
  106  9:14  Zergling x4, Queen  
  107  9:19  Baneling x10  
  107  9:24  Zergling x10  
  107  9:27  Zergling x4  
  114  9:33  Zergling x8  
  115  9:40  Zergling x12  
  120  9:46  Baneling x8  
  120  9:55  Zerg Melee Weapons Level 2  
  120  9:57  Adrenal Glands  
  120  9:58  Viper  
  123  10:04  Viper  
  123  10:06  Zergling x8  
  130  10:08  Ravager x2  
  130  10:12  Zergling x8  
  136  10:18  Zergling x8  
  136  10:21  Zergling x6  
  143  10:25  Overlord  
  143  10:26  Zergling x4  
  145  10:35  Zergling x12  
  151  10:36  Overlord  
  151  10:37  Overlord  
  151  10:51  Drone x7  
  158  11:01  Corruptor x2  
  162  11:05  Hatchery  
  162  11:08  Drone x9  
  170  11:14  Ultralisk Cavern, Drone x2  
  171  11:29  Zergling x8  
  171  11:30  Extractor  
  174  11:36  Zergling x2  
  175  11:41  Zergling x2  
  175  11:47  Zergling x8  
  173  11:48  Overlord  
  173  11:49  Overlord  
  173  11:53  Baneling x12  
  172  11:57  Zergling x12  
  176  12:02  Extractor  
  169  12:11  Zergling x16  
Show
View Real Time Build Order
Export as new Build Order

tyty Terran - Winner!

Build Orders:  

Get SALT Encoding   

  12  0:00  SCV  
  13  0:12  SCV  
  14  0:20  Supply Depot  
  14  0:24  SCV  
  15  0:42  Barracks  
  15  0:49  Barracks  
  15  0:53  SCV  
  16  1:05  SCV  
  16  1:07  Refinery  
  17  1:17  SCV  
  18  1:29  Marine  
  18  1:31  Orbital Command  
  19  1:37  Marine  
  20  1:44  Supply Depot  
  20  1:47  Marine  
  20  1:49  Bunker  
  21  1:54  Marine  
  23  2:05  Marine  
  23  2:10  Factory  
  23  2:14  Bunker  
  23  2:17  Marine  
  23  2:22  SCV  
  25  2:27  Bunker  
  25  2:32  Marine  
  25  2:35  Marine  
  27  2:39  SCV  
  28  2:50  Marine  
  29  2:51  SCV  
  29  2:52  Supply Depot  
  30  3:03  SCV, Factory Tech Lab  
  31  3:15  SCV  
  31  3:23  Cyclone  
  33  3:27  SCV  
  34  3:38  Command Center  
  34  3:40  SCV  
  34  3:49  Refinery  
  34  3:52  SCV  
  34  3:55  Cyclone  
  36  4:04  SCV  
  37  4:16  SCV, Command Center  
  38  4:28  SCV  
  37  4:40  SCV  
  38  4:52  SCV  
  35  4:53  Orbital Command  
  35  4:55  Barracks Tech Lab  
  35  4:57  Siege Tank  
  35  5:00  Barracks  
  35  5:01  Barracks  
  35  5:04  SCV  
  36  5:13  Marine  
  36  5:14  Stimpack  
  37  5:16  SCV  
  37  5:18  SCV  
  39  5:28  SCV, Orbital Command  
  39  5:30  SCV, Siege Tank  
  39  5:31  Marine  
  39  5:32  Engineering Bay  
  45  5:37  Engineering Bay  
  45  5:41  SCV  
  46  5:48  Barracks Reactor x2  
  46  5:51  SCV  
  46  5:52  Refinery  
  46  5:53  Marine  
  46  5:55  SCV x2  
  50  6:00  Terran Infantry Weapons Level 1  
  51  6:05  Missile Turret  
  51  6:07  Refinery  
  51  6:11  SCV  
  51  6:12  Marine  
  51  6:13  Factory Reactor, Starport  
  51  6:15  Missile Turret  
  51  6:18  SCV x2  
  54  6:24  Marine x4  
  58  6:26  SCV  
  58  6:30  Marine, SCV  
  58  6:32  Supply Depot  
  61  6:36  SCV  
  62  6:41  Supply Depot  
  62  6:42  Marine x3  
  62  6:43  Terran Infantry Armor Level 1  
  62  6:45  SCV x2  
  62  6:46  Marine  
  68  6:50  SCV  
  69  6:56  Combat Shield  
  69  6:59  Medivac x2  
  73  7:02  Orbital Command  
  73  7:03  Marine x3  
  75  7:11  SCV, Siege Tank  
  75  7:14  Marine x2  
  82  7:20  Marine, Supply Depot  
  82  7:21  Marine  
  82  7:22  Marine  
  84  7:23  Supply Depot  
  84  7:24  Supply Depot  
  83  7:32  Marine x2  
  85  7:42  Marine x3, SCV x3  
  91  7:44  Supply Depot  
  91  7:48  Siege Tank  
  91  7:50  Marine  
  95  7:54  SCV x2  
  95  7:55  SCV, Supply Depot  
  95  7:56  Marine  
  99  8:00  Marine x2, Armory  
  101  8:05  Marine  
  101  8:06  SCV x2  
  101  8:07  SCV, Marine  
  106  8:14  Supply Depot  
  106  8:16  Marine  
  106  8:17  Marine  
  106  8:18  SCV x2  
  109  8:21  Medivac x2  
  109  8:23  Siege Tank  
  109  8:24  Marine x2  
  118  8:27  Marine  
  118  8:33  Marine, Barracks  
  122  8:34  SCV x2  
  122  8:35  Marine, Barracks  
  122  8:41  SCV  
  124  8:42  Marine x2  
  124  8:46  SCV x2  
  124  8:47  Marine  
  129  8:51  Marine  
  129  8:53  Marine  
  130  8:56  SCV  
  130  8:58  SCV  
  130  9:00  Marine  
  133  9:03  Terran Infantry Weapons Level 2, Terran Infantry Armor Level 2  
  133  9:07  Supply Depot  
  133  9:08  Supply Depot, Siege Tank  
  122  9:10  Medivac x2  
  122  9:14  Marine x3  
  117  9:17  SCV x2  
  117  9:20  Barracks Reactor  
  117  9:22  Barracks Reactor  
  119  9:25  Refinery x2  
  119  9:30  Marine x2  
  117  9:31  SCV x2  
  117  9:34  Marine x2  
  119  9:40  Marine  
  120  9:47  Medivac x2  
  120  9:48  Marine  
  125  9:58  Marine x7  
  131  10:01  Siege Tank  
  131  10:04  Command Center  
  131  10:06  Marine  
  135  10:07  Marine  
  136  10:15  Marine  
  136  10:16  Marine x4  
  136  10:17  Medivac x2  
  136  10:18  Factory  
  143  10:24  Marine x4  
  143  10:25  Terran Vehicle Weapons Level 1  
  146  10:33  Siege Tank  
  149  10:37  Supply Depot x2  
  149  10:49  Liberator  
  149  10:58  Marine x9  
  149  10:59  SCV x3, Liberator  
  149  11:01  Factory Tech Lab  
  161  11:04  Barracks  
  161  11:05  Barracks  
  164  11:16  Marine x3, Siege Tank  
  173  11:21  Siege Tank  
  173  11:25  Marine  
  176  11:26  Marine x3  
  179  11:34  Liberator  
  179  11:37  Marine  
  179  11:38  Marine  
  179  11:39  Marine x2  
  180  11:40  Marine  
  180  11:43  Marine x2  
  180  11:44  Marine x2  
  179  11:54  Marine  
  179  11:57  Marine  
  179  11:59  Planetary Fortress  
  179  12:01  Barracks Tech Lab x2  
  180  12:10  Marine x3  
  180  12:11  Marine  
  180  12:14  Marine x2  
  167  12:16  Marine x2  
  167  12:19  Marine x2  
Tags
 
Add a new tag
Caveats
  • Supply blocks, unpowered buildings, or Contaminate may cause inaccurate times.
  • Supply counts are checked every 10 seconds.